 Dungeon Crawl Stone Soup version 0.29-a0-380-gf50f0a9fbc (webtiles) character file.

Game seed: 809712506904034515

51 pyrow613 the Chopper (level 3, -7/34 HPs)
             Began as a Minotaur Monk on May 5, 2022.
             Mangled by Sigmund
             ... wielding a +0 scythe
              (8 damage)
             ... on level 2 of the Dungeon.
             The game lasted 00:02:24 (1620 turns).

pyrow613 the Chopper (Minotaur Monk)                Turns: 1620, Time: 00:02:25

Health: -7/34      AC:  7    Str: 17    XL:     3   Next: 58%
Magic:  2/2        EV: 10    Int:  7    God:
Gold:   52         SH:  0    Dex: 12    Spells: 2/2 levels left

rFire   . . .      SeeInvis .   a - +0 hand axe
rCold   . . .      Faith    .   (no shield)
rNeg    + . .      Spirit   .   d - +0 scale mail
rPois   .          Reflect  .   (helmet restricted)
rElec   .          Harm     .   (no cloak)
rCorr   .          Rampage  .   (no gloves)
Will    .....                   f - +0 pair of boots
Stlth   ..........              (no amulet)
HPRegen 0.11/turn               i - ring of positive energy
MPRegen 0.08/turn               (no ring)

@: no status effects
A: horns 2, retaliatory headbutt
a: no special abilities


You were on level 2 of the Dungeon.
You visited 1 branch of the dungeon, and saw 2 of its levels.

You collected 52 gold pieces.

Inventory:

Hand Weapons
 a - a +0 hand axe (weapon)
 e - a +1 dagger of venom
Armour
 d - a +0 scale mail (worn)
 f - a +0 pair of boots (worn)
Jewellery
 i - a ring of positive energy (left hand)
Scrolls
 b - 3 scrolls of poison {unknown}
 h - a scroll of vulnerability {unknown}
 k - a scroll of teleportation {unknown}
Potions
 c - a potion of ambrosia
 g - 2 potions of heal wounds {unknown}
 j - 2 potions of curing {unknown}


   Skills:
 + Level 4.3 Fighting
 * Level 5.0 Axes
 - Level 3.3 Dodging
 - Level 1.6 Stealth


You had 2 spell levels left.
You didn't know any spells.
Your spell library contained the following spells:

 Spells                   Type           Power      Damage    Failure   Level
 Borgnjor's Revivificati  Necr           0%         N/A       100%        8
 Necromutation            Tmut/Necr      0%         N/A       100%        8
 Death's Door             Necr           0%         N/A       100%        9


Dungeon Overview and Level Annotations

Branches:
Dungeon (2/15)

Altars:

Annotations:
D:2 Sigmund


Innate Abilities, Weirdness & Mutations

You have a pair of horns on your head.
You reflexively headbutt those who attack you in melee.


Message History

You barely miss the ball python. You headbutt the ball python.
You kill the ball python!
Your Axes skill increases to level 5!
No target in view!
No target in view!
Things that are here:
a +0 short sword; a kobold corpse
There is a stone staircase leading down here.
Sigmund the Dreaded comes into view.
He is wielding a +0 scythe and wearing a +2 robe of willpower.
Sigmund shouts!
Sigmund moves out of view.
No target in view!
No target in view!
Sigmund is nearby!
Sigmund is nearby!
Sigmund breathes a few words.
Sigmund's hands start flickering wildly.
Sigmund hits you from afar with a +0 scythe.
Sigmund is nearby!
You barely miss Sigmund.
Sigmund points at you and mumbles some strange words.
The puff of flame hits you.
Sigmund mumbles some strange words.
Sigmund flickers and vanishes!
Deactivating autopickup; reactivate with Ctrl-A.
No target in view!
You closely miss something. Something hits you but does no damage.
You hit something. You hit something. Something hits you!
You miss something.
You hear some strange, mumbled words.
A puff of flame appears from out of thin air!
The puff of flame hits you.
You barely miss something. You headbutt something. Something hits you!
* * * LOW HITPOINT WARNING * * *
You hit something but do no damage. You headbutt something. You miss something.
Something hits you.
* * * LOW HITPOINT WARNING * * *
You hit something. Something hits you!
You die...

#.. #.# #.# ##### #.#
....# ###
######.##.....# #..
#.......#.....# .<#
#.............. #.#
#.......##....# #.#
#......@.....## # #.#
####...#{###.#
##..###.# #.#......
......... #.#.#.#...
######.# #.#.#.#.###
#.#.# #.#.#.#.# #...#
#.#.#.#.# #.###
#.#.#.#.#########.##.
#.#>.).............'.


There were no monsters in sight!

Vanquished Creatures
  An adder (D:2)
  A worm (D:2)
  2 dart slugs (D:1)
  4 bats
  An endoplasm (D:1)
  A giant cockroach (D:1)
  2 goblins (D:1)
  8 hobgoblins
  2 jackals (D:2)
  5 ball pythons
  2 frilled lizards
  3 kobolds
  A rat (D:1)
33 creatures vanquished.

Notes
Turn   | Place    | Note
-------+----------+-------------------------------------------
     0 | D:1      | pyrow613 the Minotaur Monk began the quest for the Orb.
     0 | D:1      | Reached XP level 1. HP: 19/19 MP: 0/0
   244 | D:1      | Found a faded altar of an unknown god.
   254 | D:1      | Reached skill level 4 in Axes
   361 | D:1      | Reached XP level 2. HP: 27/27 MP: 1/1
  1071 | D:2      | Reached XP level 3. HP: 30/33 MP: 2/2
  1584 | D:2      | Reached skill level 5 in Axes
  1606 | D:2      | Noticed Sigmund
  1619 | D:2      | HP: 1/34 [something (5)]
  1620 | D:2      | Mangled by Sigmund

Illustrated notes

Levels and vault maps discovered:
D:1:      scummos_arrival_gate, layout_basic, basic_ecumenical_altar
D:2:      layout_basic, uniq_sigmund

Skill      XL: |  1  2  3 |
---------------+----------+-----
Axes           | 4 5 |  5.0
Fighting       | 4 |  4.3
Dodging        | |  3.3
Stealth        | |  1.6

Action                   || total
-------------------------++-------
Melee: Hand axe          ||    80
       Headbutt          ||    19
Armor: Scale mail        ||    28
Dodge: Dodged            ||    37

Table legend: (Time is in decaauts)
 A = Elapsed time spent in this place.
 B = Non-inter-level travel time spent in this place.
 C = Inter-level travel time spent in this place.
 D = Time resting spent in this place.
 E = Time spent auto-exploring this place.
 F = Levels seen in this place.
 G = Mean time per level.
                   A        B        C        D        E       F      G
               +--------+--------+--------+--------+--------+-----+--------+
         Total |   1625 |   1596 |     29 |      0 |   1371 |   2 |  812.5 |
       Dungeon |   1625 |   1596 |     29 |      0 |   1371 |   2 |  812.5 |
               +--------+--------+--------+--------+--------+-----+--------+

Top non-repeatable levels by time:
     D:1: 1039 daAuts
     D:2: 586 daAuts
